 Dungeon Sprint DCSS version 0.27-a0-394-g49c82dfaf2 (webtiles) character file.

Game seed: 11772903801245141660

5639 mhtbhm the Severer (level 10, -7/101 HPs)
             Began as a Minotaur Fighter on Feb 20, 2021.
             Was the Champion of Trog.
             Mangled by a sixfirhy (11 damage)
             ... in the Dungeon (Sprint VII: "The Pits").
             The game lasted 00:02:53 (1786 turns).

mhtbhm the Severer (Minotaur Fighter)               Turns: 1786, Time: 00:02:55

Health: -7/101     AC: 16    Str: 26    XL:     10   Next: 46%
Magic:  9/9        EV: 12    Int:  8    God:    Trog [******]
Gold:   0          SH: 14    Dex: 11    Spells: 9/9 levels left

rFire    . . .     SeeInvis .   a - +1 broad axe "Qixyguti" {flame, rC+}
rCold    + . .     Faith    .   c - +0 kite shield
rNeg     . . .     Spirit   .   b - +4 scale mail
rPois    .         Reflect  .   (helmet restricted)
rElec    .         Harm     .   m - +0 cloak
rCorr    .         Rampage  .   (no gloves)
Will     .....     NoTele   +   r - +0 pair of boots
Stlth    +.........             (no amulet)
HPRegen  0.26/turn              n - +3 ring of strength
MPRegen  0.11/turn              o - +3 ring of intelligence

@: berserk cooldown, slowed, very slow
A: retaliatory headbutt, horns 2
a: Renounce Religion, Berserk, Trog's Hand, Brothers in Arms


You were in the Dungeon.
You worshipped Trog.
Trog was exalted by your worship.
You visited 1 branch

Inventory:

Hand Weapons
 a - the +1 broad axe "Qixyguti" (weapon) {flame, rC+}
   (You found it in the Dungeon)

   It has been specially enchanted to burn those struck by it, causing extra
   injury to most foes and up to half again as much damage against particularly
   susceptible opponents.
   Big, fiery blades are also staple armaments of hydra-hunters.
   It protects you from cold.
 q - the +9 sword of Zonguldrok {reap}
   (You found it in the Dungeon)

   If a monster killed with it leaves a corpse in good enough shape, the corpse
   is reanimated as a zombie friendly to the killer.
 s - a +1 vorpal executioner's axe
Armour
 b - a +4 scale mail (worn)
 c - a +0 kite shield (worn)
 m - a +0 cloak (worn)
 r - a +0 pair of boots (worn)
Jewellery
 n - a +3 ring of strength (left hand)
 o - a +3 ring of intelligence (right hand)
Scrolls
 j - a scroll of blinking
 l - a scroll of summoning
Potions
 d - a potion of might
 e - 6 potions of curing
 f - 8 potions of heal wounds
 g - 3 potions of haste
 h - 4 potions of magic
 i - 6 potions of berserk rage
 k - 2 potions of invisibility
 p - a potion of mutation


   Skills:
 + Level 13.3 Fighting
 + Level 17.1 Axes
 + Level 13.0 Armour
 + Level 5.5 Dodging
 + Level 2.6 Stealth
 + Level 13.7 Shields


You had 9 spell levels left.
You didn't know any spells.
Your spell library was empty.

Dungeon Overview and Level Annotations

Branches:
Dungeon (1/1)

Altars:
Ashenzari
Cheibriados
Dithmenos
Elyvilon
Fedhas
Gozag
Hepliaklqana
Kikubaaqudgha
Makhleb
Nemelex Xobeh
Okawaru
Qazlal
Ru
Sif Muna
Trog
Uskayaw
Vehumet
Wu Jian
Xom
Yredelemnul
Zin
The Shining One
Beogh
Jiyva
Lugonu


Innate Abilities, Weirdness & Mutations

You reflexively headbutt those who attack you in melee.
You have a pair of horns on your head.


Message History

You miss the sixfirhy. You block the sixfirhy's attack. x2
Unknown command.
You slice the alligator snapping turtle!!
You burn the alligator snapping turtle.
You kill the alligator snapping turtle!
Trog accepts your kill. Something appears at your feet!
Trog grants you a weapon!
You barely miss the sixfirhy.
The sixfirhy hits you but does no damage. x2
Your Axes skill increases to level 17!
Your Armour skill increases to level 13!
You miss the sixfirhy.
The sixfirhy is heavily wounded.
You block the sixfirhy's attack. The sixfirhy hits you.
The sixfirhy shocks you!
You closely miss the sixfirhy.
The sixfirhy is heavily wounded.
You are no longer berserk.
You are exhausted.
You feel yourself slow down.
You miss the sixfirhy.
The sixfirhy is heavily wounded.
You barely miss the sixfirhy. You headbutt the sixfirhy.
The sixfirhy is heavily wounded.
The sixfirhy hits you. The sixfirhy shocks you!
* * * LOW HITPOINT WARNING * * *
You closely miss the sixfirhy. Your headbutt misses the sixfirhy.
The sixfirhy is heavily wounded.
You block the sixfirhy's attack. x3; The sixfirhy hits you!
* * * LOW HITPOINT WARNING * * *
The sixfirhy shocks you!
* * * LOW HITPOINT WARNING * * *
You hit the sixfirhy. You burn the sixfirhy.
You headbutt the sixfirhy, but do no damage.
The sixfirhy is severely wounded.
The sixfirhy hits you.
* * * LOW HITPOINT WARNING * * *
The sixfirhy shocks you!
You die...

#### #####
########
#...###..'...#
#...##..##)..###
##'##..###...+.##
..).....##.))#..##
##'###...##)##...#
.....##..#)).#...#
......'..+...'.3@+
.....##..#...#...#
##'###...##'##...#
.....)..##.†.#..##
##'##..###...+.##
#...##..##...###
#...###..+...#
##### #######


You could see a sixfirhy.

Vanquished Creatures
  An alligator snapping turtle (D)
  A swamp dragon (D)
  An orc knight (D)
  An eye of devastation (D)
  2 rime drakes (D)
  2 kobold demonologists (D)
  A komodo dragon (D)
  A hellwing (D)
  A tyrant leech (D)
  A merfolk (D)
  A wraith (D)
  A redback (D)
  2 vampire mosquitoes (D)
  An acid dragon (D)
  2 floating eyes (D)
  An orc warrior (D)
  A black bear (D)
  2 eyes of draining (D)
  A centaur (D)
  3 wolves (D)
  A quasit (D)
  Crazy Yiuf (D)
  A gnoll shaman (D)
  An iguana (D)
  A worker ant (D)
  5 gnolls (D)
  2 adders (D)
  A river rat (D)
  2 white imps (D)
  2 ufetubi (D)
  2 oozes (D)
  An adder zombie (D)
  An adder skeleton (D)
  An adder simulacrum (D)
  2 leopard geckos (D)
  7 orcs (D)
  A bat (D)
  A frilled lizard (D)
60 creatures vanquished.

Notes
Turn   | Place    | Note
-------+----------+-------------------------------------------
     0 | D        | mhtbhm the Minotaur Fighter began the quest for the Orb.
     0 | D        | Reached XP level 1. HP: 19/19 MP: 0/0
    15 | D        | Found a bloodstained altar of Trog.
    15 | D        | Found a shimmering blue altar of Sif Muna.
    15 | D        | Found a viscous altar of Jiyva.
    15 | D        | Found a hazy altar of Hepliaklqana.
    15 | D        | Found an opulent altar of Gozag.
    16 | D        | Found a glowing golden altar of the Shining One.
    16 | D        | Found a glowing silver altar of Zin.
    16 | D        | Found a basalt altar of Yredelemnul.
    16 | D        | Found a shimmering altar of Xom.
    16 | D        | Found an ornate altar of the Wu Jian Council.
    16 | D        | Found a sacrificial altar of Ru.
    16 | D        | Found a stormy altar of Qazlal.
    16 | D        | Found an iron altar of Okawaru.
    16 | D        | Found a sparkling altar of Nemelex Xobeh.
    16 | D        | Found a burning altar of Makhleb.
    16 | D        | Found a blossoming altar of Fedhas.
    16 | D        | Found a white marble altar of Elyvilon.
    16 | D        | Found a shadowy altar of Dithmenos.
    16 | D        | Found a snail-covered altar of Cheibriados.
    18 | D        | Found a radiant altar of Vehumet.
    18 | D        | Found a corrupted altar of Lugonu.
    18 | D        | Found a roughly hewn altar of Beogh.
    20 | D        | Became a worshipper of Trog the Wrathful
    55 | D        | Noticed a floating eye
    58 | D        | Killed a floating eye
    59 | D        | Reached skill level 4 in Axes
    59 | D        | Reached XP level 2. HP: 31/31 MP: 1/1
    59 | D        | Reached XP level 3. HP: 38/38 MP: 2/2
    59 | D        | Reached XP level 4. HP: 45/45 MP: 3/3
    63 | D        | Reached * piety under Trog
    79 | D        | Reached ** piety under Trog
    93 | D        | Reached *** piety under Trog
    94 | D        | Reached skill level 5 in Axes
    94 | D        | Reached XP level 5. HP: 17/52 MP: 4/4
   369 | D        | Noticed a floating eye
   375 | D        | Paralysed by a floating eye for 3 turns
   384 | D        | Paralysed by a floating eye for 4 turns
   390 | D        | Killed a floating eye
   390 | D        | Reached **** piety under Trog
   391 | D        | Reached skill level 7 in Axes
   391 | D        | Reached skill level 1 in Dodging
   395 | D        | Reached XP level 6. HP: 40/61 MP: 5/5
   415 | D        | Noticed a kobold demonologist
   419 | D        | Noticed a ynoxinul
   422 | D        | Killed a kobold demonologist
   422 | D        | Reached ***** piety under Trog
   423 | D        | Reached skill level 9 in Axes
   423 | D        | Reached XP level 7. HP: 70/70 MP: 6/6
   520 | D        | Noticed Crazy Yiuf
   527 | D        | Killed Crazy Yiuf
   528 | D        | Reached skill level 10 in Axes
   607 | D        | Noticed a rime drake
   610 | D        | Received a gift from Trog
   615 | D        | Killed a rime drake
   616 | D        | Reached skill level 10 in Fighting
   616 | D        | Reached skill level 11 in Axes
   616 | D        | Reached skill level 10 in Armour
   616 | D        | Reached skill level 10 in Shields
   670 | D        | Found the +9 sword of Zonguldrok {reap}
   738 | D        | Got the +1 broad axe "Qixyguti" {flame, rC+}
   813 | D        | Found a hide-covered altar of Uskayaw.
   813 | D        | Found an ancient bone altar of Kikubaaqudgha.
   813 | D        | Found a broken altar of Ashenzari.
   843 | D        | Reached XP level 8. HP: 79/79 MP: 7/7
   844 | D        | Reached ****** piety under Trog
   850 | D        | Noticed a komodo dragon
   854 | D        | Killed a komodo dragon
   855 | D        | Reached skill level 12 in Axes
   859 | D        | Received a gift from Trog
   859 | D        | Noticed an eye of devastation
   867 | D        | Reached skill level 13 in Axes
   871 | D        | Reached skill level 1 in Stealth
   871 | D        | Killed an eye of devastation
   872 | D        | Reached XP level 9. HP: 61/89 MP: 8/8
   873 | D        | Noticed a hellwing
   881 | D        | Killed a hellwing
   882 | D        | Reached skill level 14 in Axes
   887 | D        | Received a gift from Trog
   907 | D        | Noticed a merfolk
   919 | D        | Killed a merfolk
   928 | D        | Reached skill level 15 in Axes
   935 | D        | Noticed a kobold demonologist
   937 | D        | Noticed a tyrant leech
   937 | D        | Noticed a rime drake
   941 | D        | Noticed a red devil
   953 | D        | Killed a kobold demonologist
   955 | D        | Killed a tyrant leech
   956 | D        | Killed a rime drake
  1390 | D        | Noticed a swamp dragon
  1401 | D        | Killed a swamp dragon
  1402 | D        | Reached skill level 16 in Axes
  1402 | D        | Reached XP level 10. HP: 28/100 MP: 9/9
  1636 | D        | Noticed an orc knight
  1641 | D        | Received a gift from Trog
  1664 | D        | Killed an orc knight
  1665 | D        | Reached skill level 5 in Dodging
  1761 | D        | Noticed an alligator snapping turtle
  1761 | D        | Noticed a sixfirhy
  1780 | D        | Killed an alligator snapping turtle
  1780 | D        | Received a gift from Trog
  1781 | D        | Reached skill level 17 in Axes
  1786 | D        | HP: 4/101 [sixfirhy (4)]
  1786 | D        | Mangled by a sixfirhy

Illustrated notes

Levels and vault maps discovered:
D:        pitsprint [storerooms_1, entrance_room_1, metal_vault_5, armoury_3,
          mini_pit_1, grid_room_1, main_hall_1, silver_pit, the_coven_1,
          the_vestibule_1, steel_vault_3, golden_pit, hallway_of_sentries,
          crystal_vault_1, iron_vault_4, final_vault]

Skill      XL: |  1  2  3  4  5  6  7  8  9 10 |
---------------+-------------------------------+-----
Fighting       | 6 7 8 9 10 11 12 13 | 13.3
Armour         | 7 8 9 10 11 12 13 | 13.0
Shields        | 6 7 8 9 10 11 13 | 13.7
Axes           | 4 5 7 9 11 13 16 17 | 17.1
Dodging        | 1 2 3 4 5 |  5.5
Stealth        | 1 2 |  2.6

Action                   |  1- 3 |  4- 6 |  7- 9 | 10-12 || total
-------------------------+-------+-------+-------+-------++-------
Melee: Hand axe          |     2 |    49 |    29 |       ||    80
       Headbutt          |     1 |    10 |    25 |    15 ||    51
       War axe           |     1 |       |       |       ||     1
       Broad axe         |       |       |    70 |    46 ||   116
Invok: Berserk           |       |     1 |     2 |     1 ||     4
  Use: Potion            |       |       |       |     1 ||     1
Armor: Scale mail        |     3 |    11 |    34 |     8 ||    56
       Chain mail        |       |    20 |     6 |       ||    26
Dodge: Dodged            |     2 |    16 |    33 |    10 ||    61
Block: Kite shield       |       |    31 |    54 |    33 ||   118

Table legend: (Time is in decaauts)
 A = Elapsed time spent in this place.
 B = Non-inter-level travel time spent in this place.
 C = Inter-level travel time spent in this place.
 D = Time resting spent in this place.
 E = Time spent auto-exploring this place.
 F = Levels seen in this place.
 G = Mean time per level.
                   A        B        C        D        E       F      G
               +--------+--------+--------+--------+--------+-----+--------+
         Total |   1798 |   1798 |      0 |    976 |    282 |   1 | 1798.0 |
       Dungeon |   1798 |   1798 |      0 |    976 |    282 |   1 | 1798.0 |
               +--------+--------+--------+--------+--------+-----+--------+

Top non-repeatable levels by time:
       D: 1798 daAuts
